 Dungeon Crawl Stone Soup version 0.27.0-1-g7a089689b8 (webtiles) character file.

Game seed: 17868136165927880237

130 sanka the Insei (level 4, -1/33 HPs)
             Began as a Vampire Hunter on Aug 4, 2021.
             Slain by an orc priest (6 damage)
             ... on level 2 of the Dungeon.
             The game lasted 00:02:26 (1908 turns).

sanka the Insei (Vampire Hunter)                    Turns: 1908, Time: 00:02:27

Health: -1/33      AC:  3    Str: 11    XL:     4   Next: 89%
Magic:  4/4        EV: 12    Int: 14    God:
Gold:   58         SH:  0    Dex: 14    Spells: 3/3 levels left

rFire    . . .     SeeInvis +   a - +1 hand crossbow
rCold    . . .     Faith    .   (no shield)
rNeg     + . .     Spirit   .   c - +0 leather armour
rPois    .         Reflect  .   (no helmet)
rElec    .         Harm     .   (no cloak)
rCorr    .         Rampage  .   (no gloves)
Will     .....                  (no boots)
Stlth    ++........             (no amulet)
HPRegen  0.31/turn              k - ring of positive energy
MPRegen  0.09/turn              (no ring)

@: healing quickly
A: alive, fangs 3, see invisible, vampiric 2
a: Exsanguinate


You were on level 2 of the Dungeon.
You visited 1 branch of the dungeon, and saw 3 of its levels.

You collected 58 gold pieces.


Innate Abilities, Weirdness & Mutations

Your natural rate of healing is accelerated.
You have razor-sharp teeth.
You have supernaturally acute eyesight. (SInv)
You are afflicted with vampirism and can become a bat while bloodless.


   Skills:
 - Level 2.0 Fighting
 - Level 3.2 Crossbows
 - Level 2.1 Dodging
 - Level 1.5 Stealth
 + Level 5.0 Unarmed Combat


You had 3 spell levels left.
You didn't know any spells.
Your spell library was empty.

Inventory:

Hand Weapons
 a - a +1 hand crossbow (weapon)
 b - a +0 short sword
Missiles
 d - 18 bolts (quivered ammo)
Armour
 c - a +0 leather armour (worn)
Magical Staves
 r - a staff of poison
Jewellery
 k - a ring of positive energy (left hand)
 s - a ring of protection from cold
Scrolls
 e - a scroll of immolation {unknown}
 f - a scroll of identify {unknown}
 m - a scroll of torment {unknown}
Potions
 g - 3 potions of curing {unknown}
 h - a potion of mutation {unknown}
 i - 2 potions of brilliance {unknown}
 j - a potion of resistance {unknown}
 l - a potion of magic {unknown}
 n - a potion of cancellation {unknown}
 o - a potion of lignification {unknown}
 p - a potion of invisibility {unknown}
 q - a potion of heal wounds {unknown}

Dungeon Overview and Level Annotations

Branches:
Dungeon (3/15)

Altars:
Uskayaw

▒.▒ ▒.▒ ▒.▒ ▒.▒ ▒.▒ ▒▒▒▒▒
▒▒.▒▒▒▒▒▒▒▒▒▒
▒.▒▒▒▒▒.(.▒▒▒............
▒.........▒▒.....▒▒▒▒▒▒▒▒
▒▒▒▒▒▒▒...▒▒▒...▒▒ ▒▒.▒▒
▒▒..▒ ▒o▒▒▒▒▒..▒
▒V.......▒ ▒▒▒▒▒▒▒.▒▒ ▒.▒
▒.▒ ▒▒▒▒▒ ▒.▒▒▒...▒▒▒▒
▒.▒▒.....▒.. ▒.▒........▒
▒.▒......... ▒▒▒
▒▒♣≈≈≈......▒


You could see an orc priest.


Message History

You kill the frilled lizard!
The orc priest mumbles some strange prayers to Beogh against you.
Beogh smites you!
Your Unarmed Combat skill increases to level 5!
You shoot a bolt. The bolt hits the orc priest!
The orc priest is severely wounded.
You shoot a bolt. The bolt closely misses the orc priest.
You shoot a bolt. The bolt barely misses the orc priest.
The orc priest mumbles some strange prayers to Beogh against you.
Beogh smites you!
* * * LOW HITPOINT WARNING * * *
The orc priest hits you from afar with a +0 trident!
* * * LOW HITPOINT WARNING * * *
The orc priest barely misses you.
There is a stone staircase leading up here.
The orc priest closely misses you.
You climb upwards.
There is a stone staircase leading down, spattered with blood here.
Unknown command.
You shoot a bolt.
The bolt completely misses the orc priest.
The orc priest closely misses you. The orc priest barely misses you.
You shoot a bolt. The bolt barely misses the orc priest.
The orc priest hits you with a +0 flail.
You die...

Action                   |  1- 3 |  4- 6 || total
-------------------------+-------+-------++-------
 Fire: Hand crossbow     |    93 |    53 ||   146
Armor: Leather armour    |     5 |     3 ||     8
Dodge: Dodged            |    13 |     7 ||    20

Levels and vault maps discovered:
D:1:      elethiomel_arrival_diamonds, layout_loops_ring,
          shapermc_ecumenical_altar_mp_urbaneastern,
          wander_ebering_terrifying_dragon_lair
D:2:      cheibrodos_pilgrimage, layout_loops_corners, basic_altar,
          serial_bayou_pond_e, kennysheep_jessica_study
D:3:      layout_basic, minmay_pentangle, uniq_robin, uniq_grinder

Notes
Turn   | Place    | Note
-------+----------+-------------------------------------------
     0 | D:1      | sanka the Vampire Hunter began the quest for the Orb.
     0 | D:1      | Reached XP level 1. HP: 16/16 MP: 1/1
    57 | D:1      | Reached skill level 1 in Unarmed Combat
    95 | D:1      | Reached XP level 2. HP: 22/22 MP: 2/2
    96 | D:1      | Reached skill level 2 in Unarmed Combat
   414 | D:1      | Found a faded altar of an unknown god.
   517 | D:1      | Reached skill level 3 in Unarmed Combat
   519 | D:1      | Gained mutation: You are afflicted with vampirism and can
                  | become a bat while bloodless. [Vampire growth]
   519 | D:1      | Reached XP level 3. HP: 27/27 MP: 3/3
  1030 | D:2      | Reached skill level 2 in Fighting
  1030 | D:2      | Reached skill level 4 in Unarmed Combat
  1030 | D:2      | Reached XP level 4. HP: 33/33 MP: 4/4
  1169 | D:2      | Found a hide-covered altar of Uskayaw.
  1269 | D:2      | Noticed Jessica
  1276 | D:2      | Killed Jessica
  1901 | D:3      | Reached skill level 5 in Unarmed Combat
  1908 | D:2      | Slain by an orc priest

Vanquished Creatures
  An orc priest (D:2)
  Jessica (D:2)
  A worm (D:2)
  2 dart slugs (D:1)
  6 orcs
  3 ball pythons
  5 bats
  5 endoplasms
  A giant cockroach (D:1)
  6 goblins
  5 hobgoblins
  3 jackals (D:1)
  4 quokkas
  4 frilled lizards
  4 kobolds
  9 rats
60 creatures vanquished.
